 Dungeon Crawl Stone Soup version 0.30.0-29-ga12c61a403 (webtiles) character file.

Game seed: 724355633203906496

57 cdecastro the Cudgeller (level 3, -2/31 HPs)
             Began as an Armataur Warper on June 3, 2023.
             Slain by a jelly (3 damage)
             ... on level 2 of the Dungeon.
             The game lasted 00:02:52 (1384 turns).

cdecastro the Cudgeller (Armataur Warper)           Turns: 1384, Time: 00:02:53

Health: -2/31      AC: -7    Str: 18    XL:     3   Next: 73%
Magic:  5/5        EV:  9    Int: 13    God:
Gold:   102        SH:  0    Dex:  9    Spells: 5/5 levels left

rFire   . . .        a - +0 mace
rCold   . . .        (no shield)
rNeg    . . .        b - +0 leather armour
rPois   .            (no helmet)
rElec   .            (no cloak)
rCorr   .            (no gloves)
SInv    .            (no barding)
Will    .....        (no amulet)
Stlth   +            (no ring)
HPRegen 0.25/turn    (no ring)
MPRegen 0.09/turn

%: roll
@: corroded
A: large, rugged brown scales 3, deformed body, armoured tail, roll, long
tongue, awkward tongue
a: no special abilities


You were on level 2 of the Dungeon.
You visited 1 branch of the dungeon, and saw 2 of its levels.

You collected 102 gold pieces.

Inventory:

Hand Weapons
 a - a +0 mace (weapon)
Missiles
 d - 6 boomerangs of dispersal
 l - 6 poisoned darts (quivered)
 p - 5 javelins
Armour
 b - a +0 leather armour (worn)
Jewellery
 h - a ring of ice
 m - a +4 ring of protection
Scrolls
 c - a scroll of blinking
 e - a scroll of immolation {unknown}
 f - 2 scrolls of identify {unknown}
 j - a scroll of enchant weapon {unknown}
 n - a scroll of teleportation {unknown}
 o - 2 scrolls of magic mapping {unknown}
Potions
 g - 2 potions of lignification {unknown}
 i - 3 potions of berserk rage {unknown}
 k - a potion of flight {unknown}
 q - a potion of might {unknown}


   Skills:
 - Level 1.7 Fighting
 + Level 3.7 Maces & Flails
 - Level 0.8 Throwing
 - Level 1.2 Armour
 - Level 1.3 Dodging
 - Level 1.7 Spellcasting
 - Level 3.0 Translocations


You had 5 spell levels left.
You didn't know any spells.
Your spell library contained the following spells:

 Spells                   Type           Power      Damage    Failure   Level
 Blink                    Tloc           16%        N/A       14%         2
 Lesser Beckoning         Tloc           16%        N/A       14%         2
 Gell's Gravitas          Tloc           8%         N/A       26%         3
 Teleport Other           Tloc           8%         N/A       26%         3
 Sublimation of Blood     Necr           1%         N/A       43%         2
 Vhi's Electric Charge    Tloc/Air       10%        N/A       45%         3
 Manifold Assault         Tloc           8%         N/A       65%         4
 Dazzling Flash           Conj/Hex       2%         N/A       67%         3
 Petrify                  Tmut/Erth      1%         N/A       97%         4
 Agony                    Necr           1%         N/A       100%        5
 Irradiate                Conj/Tmut      0%         3d11      100%        5
 Silence                  Hex/Air        0%         N/A       100%        5
 Dispersal                Tloc           4%         N/A       100%        6


Dungeon Overview and Level Annotations

Branches:
Dungeon (2/15)

Altars:


Innate Abilities, Weirdness & Mutations

You are completely covered in rugged brown scales. (AC +3, +7% HP)
Armour fits poorly on your strangely shaped body.
You have a long armoured tail.
You roll when moving toward enemies. (Rampage)
Your long tongue fully drains potion bottles. (2x potion effects)
Your tongue gives you trouble enunciating. (1.5x scroll delay)


Message History

Okay, then.
Unknown command.
The jelly jiggles.
The jelly jiggles.
There is a stone staircase leading up here.
You climb upwards.
There is a stone staircase leading down here.
Unknown command.
There is a stone staircase leading down here.
You climb downwards.
There is a stone staircase leading up here.
There is a stone staircase leading up here.
A jelly is nearby!
A jelly is nearby!
A jelly is nearby!
A jelly is nearby!
A jelly is nearby!
You roll towards the jelly!
You hit the jelly. The acid corrodes you!
Your hands burn!
You tail-slap the jelly, but do no damage.
The jelly is lightly wounded.
The jelly hits you. The acid corrodes you!
You are splashed with acid!
You barely miss the jelly.
The jelly is lightly wounded.
The jelly barely misses you.
You hit the jelly.
Your hands burn!
* * * LOW HITPOINT WARNING * * *
Your tail-slap misses the jelly.
The jelly is moderately wounded.
The jelly completely misses you. The jelly hits you.
* * * LOW HITPOINT WARNING * * *
The acid corrodes you!
You are splashed with acid!
* * * LOW HITPOINT WARNING * * *
Throw: 7 boomerangs (disperse)
Press: ? - help, Shift-Dir - straight line, f - jelly
Aim: a jelly (moderately wounded, 88% to hit)
You throw a boomerang of dispersal.
The boomerang of dispersal barely misses the jelly.
The jelly hits you.
You die...

.........#.#
#.##.#####..#
########.#.# ......
.$...# #....# ##.##>
##.### #######).#.##
##.##...###
#...........#
(.$........
...####..#..# #
##.##...###
.#†......#..# .#.##
##.##
...###...#..######......
#. #.## #..........@J..#
#. #.# ###.#..##.######
.. #.# #.#..##.###.# #.
#.######.#........# ..
............##.###.#
##############.# # #.# #
#.# # #.#


You could see a jelly.

Vanquished Creatures
  A gnoll (D:1)
  2 dart slugs
  3 ball pythons (D:1)
  6 bats
  4 endoplasms (D:1)
  2 giant cockroaches
  2 goblins
  7 hobgoblins
  A quokka (D:2)
  2 frilled lizards
  5 kobolds
  6 rats
41 creatures vanquished.

Notes
Turn   | Place    | Note
-------+----------+-------------------------------------------
     0 | D:1      | cdecastro the Armataur Warper began the quest for the Orb.
     0 | D:1      | Reached XP level 1. HP: 18/18 MP: 3/3
   148 | D:1      | Reached XP level 2. HP: 25/25 MP: 4/4
   399 | D:1      | Reached XP level 3. HP: 19/31 MP: 5/5
  1383 | D:2      | HP: 1/31 [acid (10)]
  1384 | D:2      | Slain by a jelly

Illustrated notes

Levels and vault maps discovered:
D:1:      dreamdust_arrival_sigmund_warning, layout_basic, minivault_26
D:2:      layout_loops_ring

Skill      XL: |  1  2 |
---------------+-------+-----
Maces & Flails | 2 3 |  3.7
Fighting       | |  1.7
Throwing       | |  0.8
Armour         | |  1.2
Dodging        | |  1.3
Spellcasting   | |  1.7
Translocations | |  3.0

Action                     || total
---------------------------++-------
  Melee: Mace              ||   123
         Tailslap          ||    15
  Throw: Boomerang         ||     1
 Armour: Leather armour    ||    56
  Dodge: Dodged            ||    68
